 Dungeon Crawl Stone Soup version 0.16-a0-3533-gc382f62 (webtiles) character file.

0 Pikaro the Insei (level 1, 0/13 HPs)
             Began as an Octopode Transmuter on Jan 7, 2015.
             Slain by a rat (1 damage)
             ... on level 1 of the Dungeon.
             The game lasted 00:00:17 (23 turns).

Pikaro the Insei (Octopode Transmuter)                Turns: 23, Time: 00:00:18

Health: 0/13       AC:  1    Str:  9    XL:     1   Next: 10%
Magic:  3/3        EV: 12    Int: 15    God:
Gold:   0          SH:  0    Dex: 12    Spells: 1 memorised, 3 levels left

rFire  . . .     SeeInvis .       - Unarmed
rCold  . . .     Clarity  .     (no shield)
rNeg   . . .     SustAb   .     (helmet restricted)
rPois  .         Gourm    .     (no amulet)
rElec  .         Spirit   .     (no ring)
rCorr  .         Warding  .     (no ring)
rMut   .         Stasis   .     (no ring)
MR     .....                    (no ring)
Stlth  ++........               (no ring)
                                (no ring)
                                (no ring)
                                (no ring)

@: not resistant to hostile enchantments, unstealthy
A: almost no armour, amphibious, 8 rings, constrict 8, camouflage 1, gelatinous
body 1
a: no special abilities


You were on level 1 of the Dungeon.
You were not hungry.

You visited 1 branch of the dungeon, and saw 1 of its levels.

Inventory:

Missiles
 b - 12 arrows
Books
 d - a book of Changes
Comestibles
 a - a bread ration {@e1}


   Skills:
 - Level 1.0 Fighting
 - Level 2.0 Dodging
 + Level 3.0 Unarmed Combat
 - Level 2.0 Spellcasting
 + Level 2.0 Transmutations


You had 3 spell levels left.
You knew the following spells:

 Your Spells              Type           Power        Failure   Level  Hunger
A - Beastly Appendage     Trmt           #.....       12%         1    #......


Dungeon Overview and Level Annotations

Branches:
Dungeon (1/15)

Altars:


Innate Abilities, Weirdness & Mutations

You cannot wear most types of armour.
You are amphibious.
You can wear up to eight rings at the same time.
You can use your tentacles to constrict many enemies at once.
Your skin changes colour to match your surroundings (Stealth).
Your rubbery body absorbs attacks (AC +1).


Message History

Welcome, Pikaro the Octopode Transmuter.
The destiny of this world depends on the Orb of Zot.
Go down and get it!
A rat comes into view.
A rat comes into view.
The rat misses you.
You tentacle-slap the rat but do no damage.
You grab the rat. You squeeze the rat. You constrict the rat.
The rat bites you.
You take 2 damage, and have 11/13 hp.
You tentacle-slap the rat.
You kill the rat!
A rat comes into view.
A jackal comes into view.
Spoiler Alert: The jackal (sleeping) is fast!
Spoiler Alert: The jackal (sleeping) is fast!
A kobold comes into view. It is wielding a dagger of flaming.
The jackal barks!
The rat bites you.
A jackal comes into view.
You take 1 damage, and have 10/13 hp.
Warning x2: The jackal (wandering) is fast!
The jackal is fast!
You barely miss the rat. Your grab misses the rat. The rat closely misses you.
Warning x2: The jackal is fast! x2
The jackal barely misses you. The rat bites you but does no damage.
You tentacle-slap the jackal but do no damage.
Your grab misses the jackal. The rat bites you.
You take 3 damage, and have 7/13 hp.
MASSIVE DAMAGE!!
You closely miss the jackal. Your grab misses the jackal. The rat bites you.
The rat barely misses you.
A jackal comes into view.
You take 1 damage, and have 6/13 hp.
Warning x3: The jackal is fast! x2
The jackal (wandering) is fast!
You tentacle-slap the jackal but do no damage.
Your grab misses the jackal. The jackal barely misses you. The rat bites you.
The rat misses you. The jackal bites you.
* * * LOW HITPOINT WARNING * * *
The jackal bites you.
* * * LOW HITPOINT WARNING * * *
You take 5 damage, and have 1/13 hp.
MASSIVE DAMAGE!!
Warning x3: The jackal is fast! x3
The rat bites you.
You die...

#..# .# . ..# .. # ...
#.##.#.#
....##%...#.##..
.....#..........#
...........$h..#
.........r.....#. .
#....hK......
...#####..@rh.....## #
#................#
...#####.........[..#
#.[...................#
#...#####..##..######..
.. ####.###.... .
#.####......#####.
#..#...####..# #.#..##
#.#


You could see 3 jackals, a kobold and 2 rats.

Vanquished Creatures
  A rat (D:1)
1 creature vanquished.

Notes
Turn   | Place    | Note
--------------------------------------------------------------
     0 | D:1      | Pikaro, the Octopode Transmuter, began the quest for the Orb.
     0 | D:1      | Reached XP level 1. HP: 13/13 MP: 3/3
    22 | D:1      | HP: 2/13 [jackal (2)]
    23 | D:1      | Slain by a rat

Action                   || total
-------------------------++-------
Melee: Unarmed           ||     6

Vault maps used:
D:1:      dpeg_arrival_pits, minmay_misc_feat_diagonals

Table legend:
 A = Turns spent in this place as a percentage of turns spent in the entire game.
 B = Non-inter-level travel turns spent in this place as a percentage of non-inter-level travel turns spent in the entire game.
 C = Inter-level travel turns spent in this place as a percentage of turns spent in this place.
 D = Turns resting spent in this place as a percentage of non-inter-level travel turns spent in this place.
 E = Turns spent auto-exploring this place as a percentage of non-inter-level travel turns spent in this place.
 F = Non-inter-level travel turns spent in this place divided by the number of levels of this place that you've seen.
                   A       B       C       D       E      F
               +-------+-------+-------+-------+-------+----------------------
         Total | 100.0 | 100.0 |   0.0 |   0.0 |   5.9 |  17.0
       Dungeon | 100.0 | 100.0 |   0.0 |   0.0 |   5.9 |  17.0
               +-------+-------+-------+-------+-------+----------------------

Table legend:
 A = Kills in this place as a percentage of kills in entire the game.
 B = Kills by you in this place as a percentage of kills by you in the entire game.
 C = Kills by friends in this place as a percentage of kills by friends in the entire game.
 D = Other kills in this place as a percentage of other kills in the entire game.
 E = Experience gained in this place as a percentage of experience gained in the entire game.
 F = Experience gained in this place divided by the number of levels of this place that you have seen.
                   A       B       C       D       E      F
               +-------+-------+-------+-------+-------+----------------------
         Total | 100.0 | 100.0 |  -nan |  -nan | 100.0 |   1.0
       Dungeon | 100.0 | 100.0 |  -nan |  -nan | 100.0 |   1.0
               +-------+-------+-------+-------+-------+----------------------
